 Dungeon Crawl Stone Soup version 0.28.0 (webtiles) character file.

Game seed: 13755311083722741204

380 15bullets the Skirmisher (level 6, -9/49 HPs)
             Began as a Barachi Fire Elementalist on Feb 18, 2022.
             Mangled by a hornet (10 damage)
             ... on level 4 of the Dungeon.
             The game lasted 00:13:52 (4798 turns).

15bullets the Skirmisher (BaFE)                     Turns: 4798, Time: 00:13:53

Health: -9/49      AC:  5    Str:  9    XL:     6   Next: 75%
Magic:  4/10       EV: 12    Int: 17    God:
Gold:   193        SH:  0    Dex: 13    Spells: 8/11 levels left

rFire   + . .      SeeInvis .   e - +1 short sword (drain)
rCold   . . .      Faith    .   (no shield)
rNeg    . . .      Spirit   .   q - +2 robe {Will+}
rPois   .          Reflect  .   (helmet restricted)
rElec   +          Harm     .   (no cloak)
rCorr   .          Rampage  .   (no gloves)
Will    +....                   b - +0 pair of boots
Stlth   ++........              (no amulet)
HPRegen 0.16/turn               r - ring of protection from fire
MPRegen 0.12/turn               (no ring)

@: unable to hop, very slightly contaminated, slowed, very slow
A: amphibious, slowness 1, strong legs 1, +LOS, antennae 1, electricity
resistance
a: Hop


You were on level 4 of the Dungeon.
You visited 1 branch of the dungeon, and saw 4 of its levels.

You collected 193 gold pieces.

Inventory:

Hand Weapons
 c - a +2 dagger of holy wrath
 e - a +1 short sword of draining (weapon)
Missiles
 m - 5 poisoned darts
Armour
 a - a +0 helmet
 b - a +0 pair of boots (worn)
 q - a +2 robe of willpower (worn)
Jewellery
 r - a ring of protection from fire (left hand)
Scrolls
 d - a scroll of vulnerability {unknown}
 f - a scroll of brand weapon {unknown}
 j - a scroll of amnesia {unknown}
 k - a scroll of teleportation {unknown}
 l - a scroll of silence {unknown}
Potions
 g - a potion of curing
 n - a potion of might {unknown}
 o - a potion of attraction {unknown}
 p - 3 potions of heal wounds {unknown}


   Skills:
 * Level 4.4 Fighting
 - Level 2.1 Dodging
 * Level 3.8 Stealth
 + Level 3.1 Spellcasting
 + Level 2.7 Conjurations
 + Level 4.2 Fire Magic


You had 8 spell levels left.
You knew the following spells:

 Your Spells              Type           Power      Damage    Failure   Level
a - Foxfire               Conj/Fire      56%        2x1d6     4%          1
b - Scorch                Fire           32%        2d6       4%          2

Your spell library contained the following spells:

 Spells                   Type           Power      Damage    Failure   Level
 Conjure Flame            Conj/Fire      14%        6-21      12%         3
 Inner Flame              Hex/Fire       9%         N/A       22%         3
 Flame Wave               Conj/Fire      14%        2d6       38%         4


Dungeon Overview and Level Annotations

Branches:
Dungeon (4/15)
 Temple: D:4-7

Altars:

Shops:
D:1 :

Annotations:
D:2 1 runed translucent door, Crazy Yiuf


Innate Abilities, Weirdness & Mutations

You are amphibious.
You cover ground slowly.
You can hop short distances.
You have an extended range of vision and can be seen from far away.
You have a pair of small antennae on your head.
You are resistant to electric shocks. (rElec)


Message History

Press: ? - help, Dir - move target Boing!
You feel yourself speed up.
Okay, then.
It was a potion of mutation.
You feel extremely strange.
You feel insulated. A pair of antennae grows on your head!
Your +0 helmet falls away!
Casting: Scorch (safe; 4% risk of failure)
Press: ? - help, Q - select action, (/) - cycle Dir - look around, f - activate Flames lash the hornet.
The hornet is burned terribly!
The hornet is heavily wounded.
Unknown command.
Okay, then.
Magic courses through your body. The hornet completely misses you.
Casting: Scorch (safe; 4% risk of failure)
Confirm with . or Enter, or press ? or * to list all spells.
You miscast Scorch.
You are very lightly contaminated with residual magic.
Nothing appears to happen.
The hornet stings you!
* * * LOW HITPOINT WARNING * * *
You feel yourself slow down.
Casting: Scorch (safe; 4% risk of failure)
Confirm with . or Enter, or press ? or * to list all spells.
Flames lash the hornet.
The hornet is burned terribly!
The hornet is almost dead.
You feel yourself speed up.
You hear a shout! x2
The hornet stings you but does no damage.
The hornet stings you!
* * * LOW HITPOINT WARNING * * *
You feel yourself slow down.
You hear a shout!
Casting: Scorch (safe; 4% risk of failure)
Confirm with . or Enter, or press ? or * to list all spells.
Flames lash the hornet.
The hornet is burned terribly!
The hornet is almost dead.
You hear a shout!
The hornet barely misses you. The hornet closely misses you.
The hornet stings you!
You die...

#..####...#######
#..# ##### #..##
#...[......
#...####### #)..#
#...# #..y# #..@#
#...# ##.## #. #.
##


You could see a hornet (combustible).

Vanquished Creatures
  A phantom (D:4)
  Blork the orc (D:4)
  A scorpion (D:3)
  A water moccasin skeleton (D:4)
  5 adders
  5 dart slugs
  6 orcs (D:3)
  5 ball pythons
  7 endoplasms
  A giant cockroach (D:1)
  6 goblins
  8 hobgoblins
  5 jackals (D:1)
  6 kobolds
  2 quokkas (D:1)
  7 bats
  4 frilled lizards
  7 rats
78 creatures vanquished.

Vanquished Creatures (others)
  188 foxfires
  2 fungi (D:2)
190 creatures vanquished.

Grand Total: 268 creatures vanquished

Notes
Turn   | Place    | Note
-------+----------+-------------------------------------------
     0 | D:1      | 15bullets the Barachi Fire Elementalist began the quest for
                  | the Orb.
     0 | D:1      | Reached XP level 1. HP: 13/13 MP: 3/3
    23 | D:1      | Found Inkopima's Book Emporium.
   386 | D:1      | Reached skill level 1 in Fighting
   386 | D:1      | Reached XP level 2. HP: 21/21 MP: 1/5
   480 | D:1      | Found a faded altar of an unknown god.
   618 | D:1      | Learned a level 2 spell: Scorch
  1100 | D:1      | Reached XP level 3. HP: 27/27 MP: 2/6
  2294 | D:2      | Reached XP level 4. HP: 34/34 MP: 0/7
  2554 | D:2      | Found a runed translucent door.
  2555 | D:2      | Noticed Crazy Yiuf
  3775 | D:3      | Identified the +5 spear of Xiedu {spect, rElec Str-3 Dex+2}
  3799 | D:3      | Reached XP level 5. HP: 41/41 MP: 6/8
  4350 | D:4      | Noticed a hornet
  4381 | D:4      | Noticed Blork the orc
  4394 | D:4      | Killed Blork the orc
  4395 | D:4      | Reached XP level 6. HP: 26/48 MP: 4/10
  4790 | D:4      | Paralysed by a hornet for 2 turns
  4793 | D:4      | Gained mutation: You are resistant to electric shocks.
                  | (rElec) [potion of mutation]
  4793 | D:4      | Gained mutation: You have a pair of small antennae on your
                  | head. [potion of mutation]
  4797 | D:4      | HP: 1/49 [hornet (13)]
  4798 | D:4      | Mangled by a hornet

Illustrated notes

Levels and vault maps discovered:
D:1:      dpeg_arrival_pond, layout_basic, shapermc_ecumenical_altar_ellora,
          serial_shops, nicolae_shop_stone
D:2:      layout_basic, nicolae_concentric_dashed_squares_wild,
          uniq_crazy_yiuf_cottage
D:3:      minmay_evil_eye, layout_basic
D:4:      layout_loops_ring, serial_shops, shop, uniq_blork_the_orc

Skill      XL: |  1  2  3  4  5  6 |
---------------+-------------------+-----
Fighting       | 1 2 3 4 |  4.4
Stealth        | 2 3 |  3.8
Conjurations   | 2 |  2.7
Spellcasting   | 3 |  3.1
Fire Magic     | 4 |  4.2
Dodging        | |  2.1

Action                   |  1- 3 |  4- 6 || total
-------------------------+-------+-------++-------
Melee: Short sword       |    29 |    30 ||    59
       Dagger            |       |     4 ||     4
 Cast: Foxfire           |    65 |    66 ||   131
       Scorch            |     3 |    14 ||    17
 Abil: Hop               |     3 |     4 ||     7
  Use: Scroll            |       |     3 ||     3
       Potion            |       |     2 ||     2
 Stab: Sleeping          |     2 |     2 ||     4
Armor: Robe              |    15 |     8 ||    23
Dodge: Dodged            |    25 |    23 ||    48
